 Dungeon Crawl Stone Soup version 0.17.0-73-gb648821 (webtiles) character file.

375 PossumBlood the Slasher (level 7, -1/56 HPs)
             Began as a Formicid Fighter on Dec 8, 2015.
             Slain by Musteatbrain's ghost (9 damage)
             ... in an ossuary.
             The game lasted 00:08:06 (3045 turns).

PossumBlood the Slasher (Formicid Fighter)          Turns: 3045, Time: 00:08:06

Health: -1/56      AC: 10    Str: 22    XL:     7   Next: 3%
Magic:  7/7        EV:  8    Int:  8    God:
Gold:   123        SH:  9    Dex: 10    Spells: 0 memorised, 6 levels left

rFire  . . .     SeeInvis +     a - +0 long sword
rCold  . . .     Clarity  .     b - +0 scale mail
rNeg   . . .     SustAt   .     c - +0 shield
rPois  .         Gourm    .     (helmet unavailable)
rElec  .         Spirit   .     l - +0 cloak
rCorr  +         Warding  .     (no gloves)
rMut   .         Stasis   +     (no boots)
MR     +....                    d - amulet of resist corrosion
Stlth  ..........               s - ring of protection from magic
                                g - +2 ring of protection

@: somewhat resistant to hostile enchantments, extremely unstealthy
A: permanent stasis, dig shafts and tunnels, four strong arms, antennae 3
a: Dig, Shaft Self


You were in an ossuary.
You were not hungry.

You visited 1 branch of the dungeon, and saw 4 of its levels.
You also visited: Ossuary.

You collected 123 gold pieces.

Inventory:

Hand Weapons
 a - a +0 long sword (weapon)
Armour
 b - a +0 scale mail (worn)
 c - a +0 shield (worn)
 l - a +0 cloak (worn)
Jewellery
 d - an amulet of resist corrosion (around neck)
 g - a +2 ring of protection (left hand)
 r - an uncursed ring of fire
 s - a ring of protection from magic (right hand)
Wands
 e - a wand of random effects (23)
Scrolls
 i - a scroll of fear
 j - a scroll of remove curse
 k - 2 scrolls of identify
Potions
 h - 2 potions of poison
 n - a potion of ambrosia {unknown}
 o - a potion of invisibility {unknown}
 t - a potion of magic {unknown}
 u - a potion of brilliance {unknown}
Comestibles
 m - 3 meat rations
 p - 2 bread rations
 q - 2 beef jerkies


   Skills:
 + Level 5.1 Fighting
 * Level 5.9 Long Blades
 - Level 3.3 Armour
 - Level 3.6 Shields


You had 6 spell levels left.
You didn't know any spells.

Dungeon Overview and Level Annotations

Branches:
Dungeon (4/15)
 Temple: D:4-7

Altars:
Cheibriados
Elyvilon

Annotations:
Ossuary Musteatbrain's ghost, novice DsFi


Innate Abilities, Weirdness & Mutations

You are under a permanent stasis effect.
You can dig through walls and to a lower floor.
Your four strong arms can wield two-handed weapons with a shield.
You have a pair of large antennae on your head (SInv).


Message History

Musteatbrain's ghost hits you but does no damage.
You hit Musteatbrain's ghost but do no damage.
Musteatbrain's ghost is heavily damaged.
Musteatbrain's ghost hits you but does no damage.
Musteatbrain's ghost hits you.
* * * LOW HITPOINT WARNING * * *
x2 You hit Musteatbrain's ghost.
Musteatbrain's ghost is heavily damaged.
Musteatbrain's ghost hits you.
* * * LOW HITPOINT WARNING * * *
x2 You hit Musteatbrain's ghost.
Musteatbrain's ghost is heavily damaged.
Musteatbrain's ghost closely misses you.
You slash Musteatbrain's ghost!
Musteatbrain's ghost is severely damaged.
Musteatbrain's ghost hits you but does no damage.
Your scale mail prevents you from hitting Musteatbrain's ghost.
Musteatbrain's ghost is severely damaged.
Musteatbrain's ghost hits you!
You die...

#^ #'### #...#
#...# ...# .Z#
###W# #..@#
#...##### ####
#...#...#!!??#
#^..'.∩.#!}[?+
#∩..#...#!!!?#
##############


You could see Musteatbrain's ghost and a kobold zombie.

Vanquished Creatures
  A scorpion (D:4)
  2 water moccasin zombies (Ossuary)
  A jelly (D:4)
  Natasha (thrice) (D:2)
  A big kobold zombie (Ossuary)
  4 adders
  An ooze (D:2)
  3 adder zombies (Ossuary)
  2 worms
  3 giant geckos
  A ball python (D:1)
  13 bats
  6 giant cockroaches
  A gnoll zombie (Ossuary)
  9 hobgoblins
  2 jackals (D:1)
  A quokka (D:3)
  5 giant newts
  5 goblins
  4 kobolds
  2 kobold zombies (Ossuary)
  5 rats
75 creatures vanquished.

Vanquished Creatures (others)
  An orc zombie (Ossuary)
1 creature vanquished.

Grand Total: 76 creatures vanquished

Notes
Turn   | Place    | Note
--------------------------------------------------------------
     0 | D:1      | PossumBlood the Formicid Fighter began the quest for the Orb.
     0 | D:1      | Reached XP level 1. HP: 18/18 MP: 1/1
   215 | D:1      | Reached XP level 2. HP: 18/24 MP: 2/2
   719 | D:1      | Reached XP level 3. HP: 29/29 MP: 3/3
   955 | D:2      | Noticed Natasha
   962 | D:2      | Killed Natasha
   962 | D:2      | Reached XP level 4. HP: 28/37 MP: 4/4
   968 | D:2      | Found a snail-covered altar of Cheibriados.
  1112 | D:2      | Noticed Natasha
  1123 | D:2      | Killed Natasha
  1407 | D:2      | Reached skill level 4 in Fighting
  1584 | D:2      | Noticed Natasha
  1587 | D:2      | Killed Natasha
  1706 | D:2      | Reached XP level 5. HP: 42/42 MP: 5/5
  1878 | D:3      | Found a white marble altar of Elyvilon.
  2077 | D:3      | Found a faded altar to an unknown god.
  2789 | D:4      | Reached skill level 5 in Long Blades
  2789 | D:4      | Reached XP level 6. HP: 33/49 MP: 6/6
  2911 | D:4      | Found a sand-covered staircase.
  2920 | Ossuary  | Entered an ossuary
  2977 | Ossuary  | Noticed Musteatbrain's ghost (novice DsFi)
  3027 | Ossuary  | Reached skill level 5 in Fighting
  3027 | Ossuary  | Reached XP level 7. HP: 20/56 MP: 7/7
  3045 | Ossuary  | Slain by Musteatbrain's ghost

Action                   |  1- 3 |  4- 6 |  7- 9 || total
-------------------------+-------+-------+-------++-------
Melee: Long sword        |   107 |   243 |    18 ||   368
 Abil: Dig               |       |     2 |       ||     2
  Use: Potion            |       |     2 |       ||     2
       Scroll            |       |     8 |       ||     8
  Eat: Bread ration      |       |     2 |       ||     2
       Royal jelly       |       |     1 |       ||     1
